 Dungeon Crawl Stone Soup version 0.30-a0-639-g3916f1956a (webtiles) character file.

Game seed: 16508662951891258098

1122 themarg the Summoner (level 8, -6/58 HPs)
             Began as a Barachi Summoner on Jan 16, 2023.
             Was an Initiate of Nemelex Xobeh.
             Shot with an arrow by a centaur (10 damage)
             ... on level 5 of the Dungeon.
             The game lasted 00:15:10 (4853 turns).

themarg the Summoner (Barachi Summoner)             Turns: 4853, Time: 00:15:11

Health: -6/58      AC:  2    Str: 15    XL:     8   Next: 35%
Magic:  1/15       EV: 13    Int: 18    God:    Nemelex Xobeh [......]
Gold:   283        SH:  0    Dex: 13    Spells: 8/17 levels left

rFire   . . .      SeeInvis .    d - +1 short sword (elec)
rCold   . . .      Faith    .    (no shield)
rNeg    . . .      Spirit   .    a - +0 robe
rPois   .          Reflect  .    (no helmet)
rElec   .          Harm     .    (no cloak)
rCorr   .          Rampage  .    (no gloves)
Will    .....                    (no boots)
Stlth   ++                       (no amulet)
HPRegen 0.29/turn                f - +6 ring of strength
MPRegen 0.14/turn                (no ring)

@: unable to hop, slow
A: amphibious, slowness 1, strong legs 1, +LOS
a: Hop, Renounce Religion, Draw Escape, Draw Destruction, Draw Summoning


You were on level 5 of the Dungeon.
You worshipped Nemelex Xobeh.
Nemelex Xobeh was noncommittal.
You visited 1 branch of the dungeon, and saw 5 of its levels.
You also visited: Ossuary.

You collected 283 gold pieces.

Inventory:

Hand Weapons
 d - a +1 short sword of electrocution (weapon)
 x - a +0 trident
Missiles
 g - 72 stones
 q - 7 poisoned darts
 u - 6 silver boomerangs
 B - a throwing net
Armour
 a - a +0 robe (worn)
Jewellery
 f - a +6 ring of strength (left hand)
 m - a ring of poison resistance
Scrolls
 j - 2 scrolls of amnesia {unknown}
 k - a scroll of enchant weapon {unknown}
 n - 3 scrolls of teleportation
 p - a scroll of enchant armour {unknown}
 s - 2 scrolls of noise {unknown}
 w - a scroll of poison {unknown}
 y - 2 scrolls of fear {unknown}
 z - 3 scrolls of identify
Potions
 b - a potion of magic
 c - 2 potions of haste {unknown}
 e - a potion of degeneration {unknown}
 h - a potion of brilliance {unknown}
 i - a potion of resistance {unknown}
 l - 6 potions of curing {unknown}
 o - 2 potions of cancellation
 r - 2 potions of might {unknown}
 t - a potion of lignification {unknown}
 v - a potion of invisibility {unknown}
 A - a potion of mutation {unknown}


   Skills:
 + Level 3.0 Fighting
 + Level 3.7 Dodging
 - Level 2.5 Stealth
 - Level 5.0 Spellcasting
 - Level 10.0 Summonings


You had 8 spell levels left.
You knew the following spells:

 Your Spells              Type           Power      Damage    Failure   Level
a - Summon Small Mammal   Summ           100%       N/A       1%          1
b - Call Imp              Summ           40%        N/A       1%          2
c - Call Canine Familiar  Summ           40%        N/A       1%          3
d - Summon Guardian Gole  Hex/Summ       22%        N/A       4%          3

Your spell library contained the following spells:

 Spells                   Type           Power      Damage    Failure   Level
 Summon Lightning Spire   Summ/Air       22%        N/A       17%         4
 Dazzling Flash           Conj/Hex       8%         N/A       36%         3
 Agony                    Necr           4%         N/A       98%         5
 Silence                  Hex/Air        2%         N/A       98%         5


Dungeon Overview and Level Annotations

Branches:
Dungeon (5/15)            Ossuary (visited)
 Temple: D:4-7

Altars:
Fedhas
Nemelex Xobeh
Qazlal
Wu Jian


Innate Abilities, Weirdness & Mutations

You are amphibious.
You cover ground slowly.
You can hop short distances.
You have an extended range of vision and can be seen from far away.


Message History

Your wolf completely misses the centaur.
Your wolf bites the centaur but does no damage.
The centaur shoots an arrow.
The arrow hits your wolf!
Your wolf bites the centaur.
The centaur shoots an arrow.
The arrow hits your wolf.
Your wolf dies!
Your wolf's corpse disappears in a puff of smoke!
The centaur shoots an arrow.
The arrow hits your quokka!
Your quokka dies!
Your quokka's corpse disappears in a puff of smoke!
You swap places.
Your bat barely misses the centaur. x2; The centaur shoots an arrow.
The arrow barely misses your bat. The arrow hits you!
* * * LOW HITPOINT WARNING * * *
You swap places.
Your bat barely misses the centaur.
The centaur shoots an arrow.
The arrow barely misses your bat. The arrow misses your hound.
The arrow hits you.
* * * LOW HITPOINT WARNING * * *
Your bat hits the centaur but does no damage.
The centaur shoots an arrow.
The arrow hits your bat.
Your bat dies!
Your bat's corpse disappears in a puff of smoke!
The centaur unwields a +0 shortbow.
The centaur misses your hound. The centaur barely misses your hound.
Your hound barely misses the centaur.
The centaur barely misses your hound.
The centaur kicks your hound but does no damage.
Your hound bites the centaur.
The centaur wields a +0 shortbow.
The centaur shoots an arrow.
The arrow hits your hound!
Your hound bites the centaur.
The centaur shoots an arrow.
The arrow hits your hound!
Your hound dies!
Your hound's corpse disappears in a puff of smoke!
Hop to where?
Press: ? - help, Dir - move target Boing!
The centaur shoots an arrow.
The arrow hits you.
* * * LOW HITPOINT WARNING * * *
The centaur shoots an arrow.
The arrow hits you!
You die...
Your body disappears without a glow.

.....##.###.............< ......#
#...###.# #<......####..# #....S#
#...###.# ##......# #.#......#
.....##.# ######.# ..#....#.
.....##.# #># #.#.c.... .....##.#
#.#######.#.S§...
#...###.#########..........##....
##### #..........########.## .#.
##########@########.# .#
#....○.cSS.# # ##########.# #.# #
#.# # #.# # #.# # #.# # #.#


You could see a centaur and 2 adders.

Vanquished Creatures
  An elf zombie (Ossuary)
  A scorpion (D:5)
  A centaur zombie (Ossuary)
  An orc priest (D:4)
  An orc wizard (D:5)
  A mummy (Ossuary)
  2 adders
  2 ufetubi (D:4)
  2 worms
  2 orcs
  2 giant cockroaches (D:1)
  2 goblins
  2 hobgoblins
  2 jackals (D:4)
  2 quokkas (D:1)
  A ball python (D:1)
  A bat (D:3)
  A goblin zombie (Ossuary)
  2 kobolds
  2 quokka zombies (Ossuary)
  2 rats
33 creatures vanquished.

Vanquished Creatures (collateral kills)
  An ogre (D:4)
  An elf zombie (Ossuary)
  2 scorpions (D:5)
  2 centaur zombies (Ossuary)
  A human zombie (Ossuary)
  2 jellies
  2 iguanas (D:5)
  An orc wizard (D:3)
  2 hound zombies (Ossuary)
  2 mummies (Ossuary)
  2 adders
  A shadow imp (D:5)
  An adder zombie (Ossuary)
  A worm (D:3)
  7 orcs
  4 bats
  An endoplasm (D:4)
  A giant cockroach (D:2)
  3 gnoll zombies (Ossuary)
  A goblin (D:3)
  4 hobgoblins
  5 jackals
  4 kobolds
  4 quokkas
  3 ball pythons (D:3)
  A frilled lizard (D:2)
  3 goblin zombies (Ossuary)
  2 hobgoblin zombies (Ossuary)
  4 jackal zombies (Ossuary)
  6 kobold zombies (Ossuary)
  A quokka zombie (Ossuary)
  A rat (D:2)
  3 rat zombies (Ossuary)
79 creatures vanquished.

Vanquished Creatures (others)
  A wraith (D:5)
  An iguana (D:5)
  2 gnolls (D:5)
4 creatures vanquished.

Grand Total: 116 creatures vanquished

Notes
Turn   | Place    | Note
-------+----------+-------------------------------------------
     0 | D:1      | themarg the Barachi Summoner began the quest for the Orb.
     0 | D:1      | Reached XP level 1. HP: 13/13 MP: 3/3
   182 | D:1      | Reached skill level 5 in Summonings
   182 | D:1      | Reached XP level 2. HP: 19/19 MP: 1/5
   609 | D:1      | Learned a level 2 spell: Call Imp
   704 | D:2      | Reached XP level 3. HP: 24/24 MP: 2/7
   708 | D:2      | Learned a level 3 spell: Call Canine Familiar
  1625 | D:3      | Found a blossoming altar of Fedhas.
  1659 | D:3      | Reached XP level 4. HP: 30/30 MP: 6/8
  1728 | D:3      | Found an ornate altar of the Wu Jian Council.
  2516 | D:4      | Noticed an ogre
  2538 | D:4      | Found a sand-covered staircase.
  2544 | Ossuary  | Entered an ossuary
  2565 | Ossuary  | Reached skill level 6 in Summonings
  2574 | Ossuary  | Reached XP level 5. HP: 35/35 MP: 3/10
  2788 | Ossuary  | Reached XP level 6. HP: 21/41 MP: 7/12
  2897 | Ossuary  | Reached skill level 7 in Summonings
  3053 | Ossuary  | Reached skill level 5 in Spellcasting
  3087 | Ossuary  | Reached XP level 7. HP: 46/46 MP: 5/14
  3255 | D:4      | Reached skill level 8 in Summonings
  4030 | D:4      | Found a sparkling altar of Nemelex Xobeh.
  4037 | D:4      | Became a worshipper of Nemelex Xobeh the Trickster
  4228 | D:4      | Learned a level 3 spell: Summon Guardian Golem
  4229 | D:5      | Entered Level 5 of the Dungeon
  4229 | D:5      | Found a stormy altar of Qazlal.
  4328 | D:5      | Reached skill level 9 in Summonings
  4430 | D:5      | Noticed a wraith
  4454 | D:5      | Killed a wraith
  4539 | D:5      | Reached XP level 8. HP: 45/52 MP: 10/15
  4623 | D:5      | Reached skill level 10 in Summonings
  4697 | D:5      | Reached skill level 1 in Fighting
  4853 | D:5      | Shot with an arrow by a centaur

Illustrated notes

Levels and vault maps discovered:
D:1:      noname_arrival_rooms_in_the_neighbourhood, layout_rooms
D:2:      layout_loops_cross
D:3:      layout_loops_cross, nzn_wu_jian_contemplation, fedhas_altar_2,
          minmay_misc_feat_five, kennysheep_nondescript
D:4:      layout_basic, nemelex_spade_bored_becter, nicolae_ossuary_entry_plus
D:5:      layout_loops_ring, mainiacjoe_overflow_cross_hatched,
          minmay_fractal_squares_diagonal_5

Skill      XL: |  1  2  3  4  5  6  7  8 |
---------------+-------------------------+-----
Stealth        | 2 |  2.5
Summonings     | 5 6 7 9 10 | 10.0
Spellcasting   | 3 4 5 |  5.0
Fighting       | 3 |  3.0
Dodging        | 3 |  3.7

Action                   |  1- 3 |  4- 6 |  7- 9 || total
-------------------------+-------+-------+-------++-------
Melee: Short sword       |    27 |    51 |    41 ||   119
       Punch             |     1 |       |       ||     1
 Cast: Summon Small Mamm |    44 |    39 |    18 ||   101
       Call Imp          |     5 |     6 |    10 ||    21
       Call Canine Famil |     1 |    11 |    20 ||    32
       Summon Guardian G |       |       |     2 ||     2
 Abil: Hop               |       |       |     1 ||     1
  Use: Scroll            |       |     2 |       ||     2
 Stab: Sleeping          |     1 |       |       ||     1
       Distracted        |       |     1 |     1 ||     2
Armor: Robe              |    11 |     8 |     4 ||    23
Dodge: Dodged            |    19 |    31 |    40 ||    90

Table legend: (Time is in decaauts)
 A = Elapsed time spent in this place.
 B = Non-inter-level travel time spent in this place.
 C = Inter-level travel time spent in this place.
 D = Time resting spent in this place.
 E = Time spent auto-exploring this place.
 F = Levels seen in this place.
 G = Mean time per level.
                   A        B        C        D        E       F      G
               +--------+--------+--------+--------+--------+-----+--------+
         Total |   5404 |   5342 |     62 |    261 |   3873 |   6 |  900.7 |
       Dungeon |   4668 |   4606 |     62 |     50 |   3698 |   5 |  933.6 |
       Ossuary |    736 |    736 |      0 |    211 |    174 |   1 |  736.0 |
               +--------+--------+--------+--------+--------+-----+--------+

Top non-repeatable levels by time:
     D:4: 1283 daAuts
     D:2: 990 daAuts
     D:3: 989 daAuts
 Ossuary: 736 daAuts
     D:1: 706 daAuts
     D:5: 699 daAuts
